 Dungeon Crawl Stone Soup version 0.20-a0-269-g17f5411 (webtiles) character file.

3842158 FitzyFitz the Conqueror (level 27, 103/249 HPs)
             Began as a Formicid Abyssal Knight on Dec 6, 2016.
             Was a High Priest of Lugonu.
             Escaped with the Orb
             ... and 6 runes on Dec 8, 2016!
             The game lasted 06:48:55 (81596 turns).

FitzyFitz the Conqueror (Formicid Abyssal Knight)  Turns: 81596, Time: 06:48:56

Health: 103/249    AC: 45    Str: 23 (25) XL:     27
Magic:  21/26      EV: 15    Int: 19 (22) God:    Lugonu [*****.]
Gold:   7333       SH: 28    Dex: 15 (16) Spells: 9/36 levels left

rFire  + + +     SeeInvis +     a - +8 lajatang "Cose Xee" {protect, +Blink rF+++ rC+ Int-2}
rCold  + + .     Gourm    .     V - +12 plate armour of Leaves {rElec Str+6}
rNeg   + . .     Faith    .     q - +8 large shield {AC+3}
rPois  +         Spirit   .     (helmet unavailable)
rElec  +         Reflect  .     B - +1 cloak of Xoamin {Int+3 Slay+5}
rCorr  .         Harm     .     L - +2 pair of gloves {archery}
MR     ++++.                    X - +2 pair of boots of Baldness {Str-2 Dex+4 SInv}
Stlth  ++........               P - amulet of Ubicwol {rPois rF+ MR+ Regen+}
                                o - ring "Son Huatt" {rF+ rN+ Int+4 Stlth+}
                                l - ring of Atou {MR+ Str+2 Dex+2}

@: flying, very slightly contaminated
A: permanent stasis, dig shafts and tunnels, four strong arms, antennae 3, thin
skeletal structure 1, clumsy 1, cold resistance 1, deterioration 2, dopey 1, low
mp 2, regeneration 1, screaming 2, weak 2, subdued magic 2, MP-powered wands,
sturdy frame 2
0: Orb of Zot
}: 6/15 runes: barnacled, slimy, silver, abyssal, demonic, gossamer
a: Dig, Shaft Self, Depart the Abyss, Bend Space, Banish, Corrupt, Enter the
Abyss, Renounce Religion


You escaped.
You worshipped Lugonu.
Lugonu was extremely pleased with you.
You were not hungry.

You visited 12 branches of the dungeon, and saw 58 of its levels.
You visited Pandemonium 1 time, and saw 2 of its levels.
You visited the Abyss 7 times.
You also visited: Trove and Wizlab.

You collected 10788 gold pieces.
You spent 3455 gold pieces at shops.

Inventory:

Hand Weapons
 a - the +8 lajatang "Cose Xee" (weapon) {protect, +Blink rF+++ rC+ Int-2}
   (You found it on level 5 of the Pits of Slime)

   It protects the one who uses it against injury (+AC on strike).
   It affects your intelligence (-2).
   It renders you almost immune to fire.
   It protects you from cold.
   It lets you blink.
 b - a +3 triple crossbow of electrocution
Missiles
 g - 9 throwing nets (quivered)
 R - 1791 bolts
Armour
 q - a +8 large shield of protection (worn)
 B - the +1 cloak of Xoamin (worn) {Int+3 Slay+5}
   (You found it on level 3 of the Crypt)

   It affects your intelligence (+3).
   It affects your accuracy and damage with ranged weapons and melee attacks
   (+5).
 H - the +1 pair of gloves of Cheibriados's Envy {rCorr}
   (You bought it in a shop on level 4 of the Shoals)

   It protects you from acid and corrosion.
 L - a +2 pair of gloves of archery (worn)
 O - the +2 cloak "Voelyk" {rF+ rCorr Str+3}
   (You found it on level 3 of the Crypt)

   It affects your strength (+3).
   It protects you from fire.
   It protects you from acid and corrosion.
 S - +6 pearl dragon scales
 V - the +12 plate armour of Leaves (worn) {rElec Str+6}
   (You found it on level 6 of the Lair of Beasts)

   It affects your strength (+6).
   It insulates you from electricity.
 X - the +2 pair of boots of Baldness (worn) {Str-2 Dex+4 SInv}
   (You found it on level 3 of the Elven Halls)

   It affects your strength (-2).
   It affects your dexterity (+4).
   It lets you see invisible.
Rods
 w - a +6 rod of clouds (14/14)
   (You found it on level 5 of the Vaults)
 G - a +1 rod of inaccuracy (9/9)
   (You found it on level 3 of the Crypt)
Jewellery
 c - the ring of Bocitegi {rF+ rC+ Int-5 Stlth+}
   (You took it off a spriggan berserker on level 1 of the Depths)

   [ring of stealth]

   It affects your intelligence (-5).
   It protects you from fire.
   It protects you from cold.
   It makes you more stealthy.
 k - the ring of Heresy {rPois Int+4 SInv}
   (You found it on level 5 of the Pits of Slime)

   [ring of see invisible]

   It affects your intelligence (+4).
   It protects you from poison.
   It lets you see invisible.
 l - the ring of Atou (left hand) {MR+ Str+2 Dex+2}
   (You found it in a wizard's laboratory)

   [ring of protection from magic]

   It affects your strength (+2).
   It affects your dexterity (+2).
   It affects your resistance to hostile enchantments.
 o - the ring "Son Huatt" (right hand) {rF+ rN+ Int+4 Stlth+}
   (You took it off a deep elf annihilator on level 3 of the Elven Halls)

   [ring of intelligence]

   It affects your intelligence (+4).
   It protects you from fire.
   It protects you from negative energy.
   It makes you more stealthy.
 s - the amulet "Koum" {Faith rC+ MR+ Slay+2}
   (You found it in Pandemonium)

   [amulet of faith]

   It allows you to gain divine favour quickly.
   It affects your accuracy and damage with ranged weapons and melee attacks
   (+2).
   It protects you from cold.
   It affects your resistance to hostile enchantments.
 P - the amulet of Ubicwol (around neck) {rPois rF+ MR+ Regen+}
   (You took it off a deep elf elementalist on level 3 of the Elven Halls)

   [amulet of regeneration]

   It protects you from fire.
   It protects you from poison.
   It affects your resistance to hostile enchantments.
   It increases your rate of regeneration.
 W - the ring of Apsot {+Fly rPois Str+6 Int+4}
   (You bought it in a shop on level 2 of the Orcish Mines)

   [ring of flight]

   It affects your strength (+6).
   It affects your intelligence (+4).
   It protects you from poison.
   It lets you fly.
Wands
 y - a wand of digging (12/24)
 M - a wand of heal wounds (6/9)
 T - a wand of disintegration (7/24)
Scrolls
 d - 13 scrolls of recharging
 f - 6 scrolls of identify
 h - a scroll of brand weapon
 i - 13 scrolls of remove curse
 t - 9 scrolls of fog
 D - 2 scrolls of silence
 F - 8 scrolls of amnesia
 I - 5 scrolls of magic mapping
 Z - 6 scrolls of fear
Potions
 e - a potion of agility
 j - 4 potions of cancellation
 n - 4 potions of ambrosia
 r - 2 potions of invisibility
 u - 5 potions of brilliance
 v - 16 potions of flight
 A - a potion of heal wounds
 C - 24 potions of curing
 E - 5 potions of magic
 K - a potion of resistance
 Y - 2 potions of cure mutation {unknown}
Books
 z - the Almanac of Fiery Stolen Souls
   (You found it in Pandemonium)

   Spells                             Type                      Level
   a - Ignite Poison                  Fire/Transmutation/Poison    3
   b - Cigotuvi's Embrace             Necromancy                   5
   c - Death Channel                  Necromancy                   6
 Q - the Handbook of the Dislocated Snowflakes
   (You found it in Pandemonium)

   Spells                             Type                      Level
   a - Blink                          Translocation                2
   b - Ozocubu's Armour               Charms/Ice                   3
   c - Ice Form                       Ice/Transmutation            4
   d - Metabolic Englaciation         Hexes/Ice                    5
   e - Ozocubu's Refrigeration        Ice                          6
Miscellaneous
 U - a phial of floods
Comestibles
 m - 3 meat rations
 p - 31 fruits
 J - 43 bread rations
 N - 11 beef jerkies


   Skills:
 O Level 27 Fighting
   Level 2.0 Axes
 O Level 27 Staves
 - Level 20.5 Crossbows
 + Level 21.3 Armour
 - Level 10.6 Dodging
 - Level 17.5 Stealth
 - Level 15.0 Shields
 - Level 5.0 Spellcasting
 - Level 4.0 Hexes
 - Level 6.2 Charms
 - Level 5.0 Summonings
 - Level 8.0 Necromancy
 - Level 9.0 Translocations
 - Level 5.3 Air Magic
 - Level 13.4 Invocations
 - Level 5.3 Evocations


You had 9 spell levels left.
You knew the following spells:

 Your Spells              Type           Power        Failure   Level  Hunger
a - Apportation           Tloc           ###.......   1%          1    None
b - Summon Butterflies    Summ           ##......     3%          1    None
c - Swiftness             Chrm/Air       ###.....     3%          2    #......
d - Lesser Beckoning      Tloc           ###.......   1%          3    ##.....
e - Repel Missiles        Chrm/Air       ###...       3%          2    #......
f - Regeneration          Chrm/Necr      ###.......   4%          3    ##.....
g - Spectral Weapon       Hex/Chrm       ###.....     10%         3    ##.....
h - Portal Projectile     Tloc           ###...       1%          3    ##.....
i - Silence               Hex/Air        ##........   97%         5    ######.
j - Passage of Golubria   Tloc           N/A          8%          4    ####...


Dungeon Overview and Level Annotations

Branches:
Dungeon (15/15)            Temple (1/1) D:5            Lair (6/6) D:11
 Shoals (4/4) Lair:2       Spider (4/4) Lair:3        Slime (5/5) Lair:6
    Orc (2/2) D:11            Elf (3/3) Orc:2        Vaults (5/5) D:14
  Crypt (3/3) Vaults:3       Tomb (0/3) Crypt:3      Depths (5/5) D:15
    Zot (5/5) Depths:5

Altars:
Cheibriados
Fedhas
Hepliaklqana
Kikubaaqudgha
Makhleb
Nemelex Xobeh
Okawaru
Qazlal
Ru
Sif Muna
Uskayaw
Vehumet
Yredelemnul
Zin
The Shining One
Beogh

Shops:
Orc:1 ?   Orc:2 :=?[   Elf:3 [   Shoals:4 [   Vaults:1 :   Vaults:4 *
Vaults:5 %%}%   Depths:1 !*(!**

Portals:
Hell: Depths:1 Depths:2 Depths:3 Depths:4 Depths:5
Abyss: Depths:1 Depths:2 Depths:4
Pandemonium: Depths:3 Depths:5
Ziggurat: Depths:3

Annotations:
D:1 corrupted
Lair:1 exclusion: oklob plant
Slime:5 corrupted
Elf:2 4 runed doors
Vaults:5 corrupted
Depths:1 corrupted
Zot:3 corrupted
Zot:5 corrupted
Abyss:1 Menkaure


Innate Abilities, Weirdness & Mutations

You cannot be hasted, slowed, berserked, paralysed or teleported.
You can dig through walls and to a lower floor.
Your four strong arms can wield two-handed weapons with a shield.
You have a pair of large antennae on your head. (SInv)
You have a somewhat thin skeletal structure. (Dex +2, Stealth)
You are clumsy. (Dex -2)
Your flesh is cold resistant. (rC+)
Your body often deteriorates upon taking damage.
You are dopey. (Int -2)
Your magical capacity is very low. (-20% MP)
Your natural rate of healing is unusually fast.
You sometimes yell uncontrollably at your foes.
You are very weak. (Str -4)
Your spells are easier to cast, but less powerful.
You expend magic power (3 MP) to strengthen your wands.
Your movements are less encumbered by armour. (ER -4)


Message History

The golden eye blinks at you. You resist with almost no effort.
Losorecu is engulfed in a cloud of scalding steam.
Losorecu gestures.
The golden eye is engulfed in a cloud of scalding steam.
The golden eye blinks at you. You resist with almost no effort.
The sticky flame hits Losorecu.
Losorecu is covered in liquid flames!
Losorecu burns!
Losorecu is engulfed in a cloud of scalding steam.
The golden eye blinks at you. You resist with almost no effort.
The balrug gestures at Losorecu.
The fireball explodes!
The fireball engulfs Losorecu.
Losorecu dies!
The golden eye disappears in a puff of smoke! x3
An Orb Guardian comes into view.
There is an open door here.
There is a staircase leading out of the dungeon here.
You have escaped!

#...≈≈≈≈≈≈≈≈....≈≈≈≈#####2.≈≈≈.
#..≈≈≈≈≈≈≈X≈...≈≈≈≈≈≈≈≈≈≈§§≈≈..
#
#..≈≈≈≈≈≈≈.≈...≈≈≈≈≈≈≈≈≈≈§§≈≈..
#
#..≈≈≈≈≈≈≈≈≈≈..≈≈≈≈≈≈≈≈≈≈§§≈≈.>
#
#...≈≈≈≈≈≈≈≈≈X..≈≈≈≈≈≈≈≈≈≈≈≈≈..
#
#...≈≈≈≈≈≈≈≈##'##≈≈≈≈≈≈≈≈≈≈≈...
#
##..≈≈≈≈≈≈≈##...##≈≈≈≈≈≈≈≈≈≈...
#
#..≈≈≈≈≈≈≈#.....#≈≈≈≈≈≈≈≈≈≈...
#
#...≈≈≈≈≈≈#..@..#≈≈≈≈≈≈≈≈≈....
#
#...≈≈≈≈≈≈#.....#≈≈≈≈≈≈≈≈≈....
#
##.[≈≈≈≈≈≈##...##≈≈≈≈≈≈≈≈...##
#....≈≈≈≈≈#####≈≈≈≈≈≈≈≈....#
#...≈≈≈≈≈≈≈≈≈≈≈≈≈≈≈≈≈≈....##
##...≈≈≈≈≈≈≈≈≈≈≈≈≈≈≈.....##
#....≈≈≈≈≈≈≈≈≈≈≈≈≈≈....##
#######......≈≈≈≈≈≈≈≈≈.....##
................≈≈........##


You could see an Orb Guardian.

Vanquished Creatures
  the Royal Jelly (Slime:5)
  A pandemonium lord (Zot:3)
  A seraph (Pan)
  Khufu (Crypt:3)
  9 orbs of fire (Zot:5)
  2 juggernauts (Depths:3)
  Mennas (Crypt:2)
  2 ancient liches (Zot:5)
  Sojobo (Crypt:1)
  A greater mummy (Depths:4)
  Margery (Depths:3)
  A Killer Klown (Zot:5)
  3 curse toes
  Xtahua (Crypt:2)
  A caustic shrike (shapeshifter) (Vaults:4)
  A profane servitor (Crypt:3)
  7 golden dragons
  Arachne (Spider:2)
  The ghost of Placid the Warrior, an adept DrVM of Vehumet (Vaults:4)
  A mutant beast (WizLab)
  A pearl dragon (Pan)
  2 bone dragons
  5 electric golems
  Jorgrun (Crypt:1)
  The ghost of espais the Severer, an adept GrFi of Qazlal (Depths:2)
  Rupert (Lair:4)
  16 tentacled monstrosities
  24 Orb Guardians
  Asterion (Spider:2)
  6 titans
  2 deep elf blademasters (Elf:3)
  11 liches
  6 quicksilver dragons
  14 acid blobs
  2 Executioners
  3 deep elf master archers (Elf:3)
  5 tentacled starspawn
  7 death cobs
  An ancient champion (Crypt:3)
  4 sphinxes
  Gastronok (Lair:2)
  A kraken (Shoals:3)
  8 draconian monks
  14 storm dragons
  Ilsuiw (Shoals:3)
  9 shadow dragons
  Kirke (Spider:3)
  7 tengu reavers
  Donald (Shoals:1)
  7 azure jellies
  18 daevas
  10 deep elf sorcerers
  11 frost giants
  3 revenants
  3 iron dragons (Vaults:5)
  12 fire giants
  18 vault wardens
  2 balrugs
  6 draconian scorchers
  Aizul (Shoals:2)
  A cacodemon (D:1)
  2 orc warlords
  2 emperor scorpions (Spider:4)
  7 deep elf elementalists
  5 draconian knights
  29 angels (Pan)
  2 caustic shrike zombies (Depths:4)
  Louise (Spider:1)
  10 draconian annihilators
  12 ghouls
  10 ghost moths
  A juggernaut zombie (Depths:4)
  A draconian stormcaller (Zot:3)
  2 curse skulls (Crypt:2)
  2 draconian shifters (Zot:5)
  20 ironheart preservers
  30 very ugly things
  A reaper (Crypt:2)
  A caustic shrike skeleton (Crypt:1)
  4 war gargoyles
  4 spriggan defenders
  A vampire knight (Crypt:2)
  15 ophanim
  9 green draconians
  2 entropy weavers
  28 stone giants
  25 apis (Pan)
  14 black draconians
  A lorocyproca (Depths:3)
  10 white draconians
  7 deep elf demonologists
  5 spark wasps
  12 deep elf annihilators
  8 purple draconians
  7 yellow draconians
  6 red draconians
  An eidolon (Vaults:3)
  4 death oozes
  2 quicksilver dragon zombies (Depths:4)
  23 ettins
  2 mummy priests (Crypt:3)
  16 deep elf death magi
  4 merfolk javelineers (Shoals:4)
  Josephine (Shoals:1)
  2 blizzard demons
  13 fire dragons
  10 merfolk impalers
  19 jiangshi
  20 yaktaur captains
  14 ogre magi
  16 deep elf high priests
  11 great orbs of eyes
  15 vault guards
  3 hydras
  Fannar (D:12)
  Erolcha (Abyss:1)
  6 rakshasas
  9 ice dragons
  7 spriggan air magi
  3 catoblepae
  A spectral shadow dragon (Crypt:3)
  5 merfolk avatars
  14 centaur warriors
  An alligator snapping turtle (Shoals:4)
  7 merfolk aquamancers
  8 satyrs
  14 dancing weapons
  A queen ant (shapeshifter) (Vaults:5)
  9 death knights
  5 deep troll shamans
  22 tengu warriors
  6 spriggan berserkers
  14 death yaks (Lair:6)
  A titan zombie (Depths:4)
  2 thrashing horrors
  7 orc high priests
  10 deep troll earth magi
  5 vampire magi
  Urug (D:12)
  A hell hog (shapeshifter) (Depths:2)
  An iron golem (WizLab)
  3 sun demons (Depths:2)
  2 wretched stars
  6 soul eaters
  11 hell knights
  2 iron trolls
  A sixfirhy (Abyss:1)
  41 skeletal warriors
  A fire crab (shapeshifter) (Vaults:2)
  15 deep elf knights
  A death drake (shapeshifter) (Vaults:1)
  A titan skeleton (Depths:4)
  4 shadow wraiths
  An unseen horror (shapeshifter) (WizLab)
  28 large abominations
  2 storm dragon skeletons
  A golden dragon zombie (Abyss:2)
  12 sea snakes
  33 deep trolls
  9 unseen horrors
  An infernal demonspawn (Depths:3)
  2 spatial maelstroms (Abyss:2)
  16 cherubim (Pan)
  A death drake (Abyss:3)
  2 deep trolls (shapeshifter)
  5 glowing orange brains
  A spark wasp zombie (Depths:4)
  22 deep elf archers
  4 flayed ghosts
  2 quicksilver dragon simulacra (Depths:2)
  5 wizards
  A gelid demonspawn (Depths:5)
  13 ironbrand convokers
  A tengu zombie (Vaults:4)
  A swamp dragon (shapeshifter) (Vaults:1)
  A glowing orange brain (shapeshifter) (Vaults:5)
  8 phantasmal warriors
  6 hill giants
  26 orc knights
  A spectral hydra (Crypt:3)
  55 deep elf magi
  A wolf spider zombie (Crypt:3)
  A harpy (shapeshifter) (WizLab)
  An orc sorcerer (D:15)
  5 harpies
  A wolf spider (shapeshifter) (Vaults:5)
  An orb spider (shapeshifter) (WizLab)
  10 manticores
  35 ugly things
  2 fire giant zombies
  28 wolf spiders
  14 cyclopes
  2 frost giant zombies
  15 orb spiders
  11 necromancers
  21 fauns
  2 shining eyes
  A salamander (Depths:4)
  A cyclops (shapeshifter) (WizLab)
  28 moths of wrath
  2 human zombies
  2 worldbinders
  2 salamanders (shapeshifter)
  An apocalypse crab (Abyss:2)
  Maurice (Orc:1)
  A black mamba (shapeshifter) (WizLab)
  3 centaur zombies
  A naga mage (D:15)
  2 torpor snails
  3 guardian serpents (shapeshifter)
  An iron dragon skeleton (Crypt:1)
  5 black mambas
  2 spriggan zombies (Depths:4)
  9 rust devils
  5 merfolk sirens
  4 smoke demons
  8 water nymphs
  An ice statue (Depths:2)
  26 spiny frogs
  An eye of devastation (Abyss:2)
  10 vault sentinels
  3 gargoyles
  A catoblepas zombie (Abyss:2)
  A spiny frog (shapeshifter) (Depths:4)
  Psyche (D:10)
  An orange demon (Zot:3)
  A yellow draconian zombie (Crypt:2)
  5 kobold demonologists
  2 efreet (Depths:2)
  12 demonic crawlers
  48 yaktaurs
  9 komodo dragons
  2 rime drakes
  3 ancient zymes (Abyss:2)
  2 komodo dragons (shapeshifter) (WizLab)
  2 yaktaurs (shapeshifter)
  2 elves (WizLab)
  6 ice devils
  10 guardian mummies
  4 tengu conjurers
  16 freezing wraiths
  3 rime drakes (shapeshifter) (WizLab)
  3 hellwings
  8 catoblepas skeletons (Abyss:3)
  3 meliai (shapeshifter) (WizLab)
  4 red devils
  3 jumping spiders (shapeshifter)
  3 polar bears (shapeshifter) (WizLab)
  A tengu simulacrum (Vaults:1)
  32 jumping spiders
  A merfolk (shapeshifter) (WizLab)
  4 polar bears
  13 trolls
  24 two-headed ogres
  An iron troll skeleton (Crypt:2)
  A hydra zombie (Crypt:2)
  31 merfolk
  21 hornets
  8 wind drakes
  A hornet (shapeshifter) (Elf:1)
  3 tyrant leeches
  A raiju (shapeshifter) (WizLab)
  A fire dragon zombie (Crypt:2)
  59 slime creatures
  A slime creature (shapeshifter) (Vaults:5)
  18 dream sheep
  A blink frog (shapeshifter) (WizLab)
  2 fire giant simulacra
  3 bog bodies
  A jumping spider zombie (Crypt:2)
  A death drake skeleton (Crypt:1)
  11 raiju
  A frost giant simulacrum (Vaults:4)
  5 snapping turtles
  13 hippogriffs
  A moth of wrath zombie (Crypt:2)
  38 blink frogs
  7 shadows
  8 spriggans
  2 human simulacra
  A redback (shapeshifter) (WizLab)
  7 ynoxinuls
  26 tarantellas
  60 flying skulls
  2 spriggans (shapeshifter)
  18 water elementals
  An ettin skeleton (Vaults:4)
  2 wyverns
  10 air elementals
  A hog (shapeshifter) (WizLab)
  A yak (shapeshifter) (WizLab)
  15 yaks
  4 humans (WizLab)
  22 wraiths
  4 fire bats
  A vampire (D:13)
  Eustachio (D:6)
  2 basilisks (shapeshifter) (WizLab)
  5 golden eyes (Slime:1)
  5 hogs (Spider:2)
  83 redbacks
  A fire elemental (Elf:1)
  4 basilisks
  3 neqoxecs
  A steam dragon (D:8)
  A tyrant leech zombie (Crypt:1)
  11 vampire mosquitoes
  4 chaos spawn (Depths:4)
  An insubstantial wisp (Abyss:1)
  A spatial vortex (Abyss:2)
  6 wargs
  2 acid dragons (Vaults:1)
  A soldier ant (D:14)
  13 water moccasins
  28 small abominations
  3 hell hounds (Depths:2)
  Duvessa (D:7)
  A merfolk skeleton (Crypt:1)
  5 floating eyes
  9 porcupines
  6 sky beasts
  2 eyes of draining (shapeshifter)
  67 orc warriors
  A hornet zombie (D:13)
  2 ettin simulacra (Depths:2)
  4 eyes of draining
  6 black bears
  A snapping turtle zombie (Crypt:1)
  2 ice beasts
  10 necrophages
  A wolf (shapeshifter) (Vaults:3)
  4 phantoms
  An alligator simulacrum (Crypt:3)
  54 ogres
  17 wolves
  10 boggarts
  11 centaurs
  9 crocodiles
  7 big kobolds
  An octopode zombie (Crypt:1)
  6 elf zombies
  Blork the orc (D:6)
  29 bullfrogs
  13 earth elementals
  Dowan (D:7)
  A wyvern zombie (D:12)
  A deep troll simulacrum (Vaults:3)
  2 wyvern skeletons
  2 scorpions
  3 elf simulacra
  5 electric eels
  12 wights
  8 howler monkeys
  A troll skeleton (Crypt:1)
  8 crimson imps
  15 starcursed masses
  2 yaktaur simulacra (Vaults:1)
  10 jellies
  5 hounds
  4 quasits
  53 orc priests
  A gnoll shaman (D:5)
  5 bullfrog skeletons
  2 iron imps (Abyss:1)
  30 orc wizards
  Jessica (Abyss:1)
  4 centaur skeletons
  5 iguanas
  11 worker ants
  A killer bee zombie (D:10)
  A lightning spire (Zot:2)
  A hound skeleton (D:8)
  5 mummies (Depths:4)
  2 worker ant zombies
  A howler monkey skeleton (D:7)
  9 gnolls
  A naga simulacrum (Abyss:2)
  A swamp drake zombie (Crypt:1)
  10 adders
  10 shadow imps
  7 white imps
  2 ufetubi (Zot:3)
  8 oozes
  2 adder skeletons
  3 adder zombies
  3 worms
  3 dart slugs (D:1)
  3 leopard geckos
  160 orcs
  9 bats
  4 giant cockroaches
  9 goblins
  8 hobgoblins
  17 jackals
  3 quokkas
  A ball python (D:5)
  4 frilled lizards
  17 kobolds
  A leopard gecko skeleton (D:5)
  A leopard gecko zombie (D:6)
  A quokka skeleton (D:7)
  2 quokka zombies
  8 rats
  A crawling corpse (Elf:3)
  A fire vortex (Abyss:2)
  2 fungi (Lair:6)
  14 plants
  3 tentacles (Shoals:3)
3174 creatures vanquished.

Vanquished Creatures (collateral kills)
  An acid blob (Slime:5)
  An ironheart preserver (Vaults:4)
  A moth of wrath (Zot:5)
  A jumping spider (Spider:2)
  A hornet (Vaults:4)
  A redback (Spider:2)
6 creatures vanquished.

Vanquished Creatures (others)
  An orb of fire (Zot:5)
  Bai Suzhen (Crypt:1)
  2 pandemonium lords
  A Brimstone Fiend (D:1)
  An electric golem (Zot:5)
  An azure jelly (Slime:5)
  An iron dragon (Vaults:5)
  A fire giant (Vaults:5)
  A draconian stormcaller (Zot:4)
  A vault warden (Vaults:4)
  4 entropy weavers
  8 very ugly things (Depths:1)
  A green draconian (Zot:3)
  An ettin (Depths:1)
  4 death oozes (Slime:5)
  A great orb of eyes (Depths:1)
  17 vault guards (Vaults:5)
  6 hydras
  A tengu warrior (Depths:1)
  A thrashing horror (Abyss:1)
  An orc high priest (Orc:2)
  A shock serpent (shapeshifter) (Depths:3)
  A sun demon (Zot:5)
  2 sixfirhies
  A necromancer (Depths:3)
  2 orb spiders
  An orc knight (Vaults:5)
  A deep elf mage (Vaults:5)
  2 orc sorcerers
  3 oklob plants (Lair:6)
  2 shining eyes
  2 moths of wrath
  A yaktaur (Depths:1)
  2 komodo dragons
  2 ice devils
  A tormentor (Zot:3)
  The ghost of Fhqwhgads the Chiller, an amateur NaIE (D:4)
  4 slime creatures (Slime:5)
  2 tarantellas (Spider:2)
  A ynoxinul (D:1)
  3 neqoxecs
  A wraith (Crypt:1)
  A water moccasin (Lair:1)
  3 orc warriors
  An ogre (Vaults:2)
  2 ettin simulacra (Depths:2)
  An eye of draining (shapeshifter) (Depths:1)
  A boggart (Depths:3)
  A crimson imp (Zot:5)
  An orc priest (Vaults:5)
  3 orcs
  6 blocks of ice (Zot:3)
  20 fungi
  104 plants
  30 starspawn tentacles
  9 tentacles (Shoals:3)
275 creatures vanquished.

Grand Total: 3455 creatures vanquished

Notes
Turn   | Place    | Note
-------+----------+-------------------------------------------
     0 | Abyss:1  | FitzyFitz the Formicid Abyssal Knight began the quest for the Orb.
     0 | Abyss:1  | Reached XP level 1. HP: 18/18 MP: 2/2
    38 | Abyss:1  | Noticed an orange demon
    50 | D:1      | Escaped the Abyss
   196 | D:1      | Reached * piety under Lugonu
   196 | D:1      | Reached XP level 2. HP: 18/25 MP: 3/3
   478 | D:1      | Reached XP level 3. HP: 24/31 MP: 4/4
  1425 | D:2      | Reached skill level 5 in Fighting
  1443 | D:2      | Reached XP level 4. HP: 22/39 MP: 5/5
  1635 | D:2      | Reached ** piety under Lugonu
  1659 | D:2      | Reached skill level 1 in Shields
  1800 | D:2      | Found a hazy altar of Hepliaklqana.
  2027 | D:3      | Reached skill level 1 in Staves
  2027 | D:3      | Reached XP level 5. HP: 42/44 MP: 6/6
  2141 | D:3      | Found a radiant altar of Vehumet.
  2142 | D:3      | Found a stormy altar of Qazlal.
  2143 | D:3      | Found a sparkling altar of Nemelex Xobeh.
  2459 | D:3      | Reached XP level 6. HP: 37/51 MP: 7/7
  2552 | D:3      | Upgraded the game from 0.20-a0-266-gdedccd6 to 0.20-a0-268-gb6bde61
  2859 | D:3      | Reached *** piety under Lugonu
  2882 | D:3      | Found a sacrificial altar of Ru.
  2882 | D:3      | Found a burning altar of Makhleb.
  2882 | D:3      | Found a snail-covered altar of Cheibriados.
  2907 | D:3      | Found an ancient bone altar of Kikubaaqudgha.
  2915 | D:3      | Found a glowing silver altar of Zin.
  3160 | D:4      | Reached skill level 5 in Staves
  3160 | D:4      | Reached XP level 7. HP: 56/56 MP: 8/8
  3204 | D:4      | Noticed Fhqwhgads's ghost (amateur NaIE)
  3974 | D:5      | Entered Level 5 of the Dungeon
  4002 | D:5      | Found a staircase to the Ecumenical Temple.
  4010 | Temple   | Entered the Ecumenical Temple
  4114 | D:5      | Reached XP level 8. HP: 55/62 MP: 9/9
  5080 | D:5      | Reached **** piety under Lugonu
  5625 | D:6      | Noticed Blork the orc
  5634 | D:6      | Killed Blork the orc
  5811 | D:6      | Reached XP level 9. HP: 55/68 MP: 11/11
  6311 | D:6      | Noticed Eustachio
  6370 | D:6      | Killed Eustachio
  6370 | D:6      | Reached skill level 5 in Shields
  6445 | D:6      | Reached skill level 5 in Invocations
  6622 | D:4      | Banished Fhqwhgads's ghost
  6890 | D:7      | Noticed Menkaure
  6894 | D:7      | Banished Menkaure
  6984 | D:7      | Noticed Dowan
  6987 | D:7      | Noticed Duvessa
  7079 | D:7      | Noticed an unseen horror
  7087 | D:7      | Killed an unseen horror
  7087 | D:7      | Reached XP level 10. HP: 66/74 MP: 14/14
  7160 | D:7      | Killed Duvessa
  7160 | D:7      | Reached skill level 10 in Staves
  7183 | D:7      | Killed Dowan
  7494 | D:8      | Found an iron altar of Okawaru.
  7680 | D:8      | Found an iron altar of Okawaru.
  8434 | D:9      | Noticed Jessica
  8438 | D:9      | Found a deep blue altar of Sif Muna.
  8442 | D:9      | Banished Jessica
  9055 | D:9      | Reached XP level 11. HP: 76/79 MP: 16/16
  9070 | D:10     | Entered Level 10 of the Dungeon
  9365 | D:10     | Reached ***** piety under Lugonu
  9760 | D:10     | Noticed an unseen horror
  9782 | D:10     | Killed an unseen horror
 10355 | D:11     | Noticed a hill giant
 10355 | D:11     | Noticed a seven-headed hydra
 10356 | D:11     | Banished a hill giant
 10358 | D:11     | Banished a seven-headed hydra
 10426 | D:11     | Noticed Psyche
 10527 | D:11     | Found a glowing golden altar of the Shining One.
 10655 | D:11     | Noticed Erolcha
 10656 | D:11     | Cast into level 1 of the Abyss (Erolcha)
 10673 | D:11     | Escaped the Abyss
 10757 | D:10     | Killed Psyche
 10913 | D:11     | Banished Erolcha
 11205 | D:11     | Found a staircase to the Lair.
 11224 | D:11     | Reached skill level 1 in Dodging
 11227 | D:11     | Reached XP level 12. HP: 57/86 MP: 17/17
 11628 | D:11     | Found a staircase to the Orcish Mines.
 12011 | Lair:1   | Entered Level 1 of the Lair of Beasts
 12077 | Lair:1   | Got a scorched dagger
 13226 | Lair:2   | Noticed Gastronok
 13343 | Lair:2   | Killed Gastronok
 13440 | Lair:2   | Found a staircase to the Shoals.
 13800 | Lair:2   | Reached skill level 10 in Fighting
 13807 | Lair:2   | Got an ichor-stained war axe
 14515 | Lair:3   | Reached XP level 13. HP: 99/105 MP: 18/18
 14963 | Lair:3   | Found a hole to the Spider Nest.
 15378 | Lair:3   | Noticed a six-headed hydra
 15382 | Lair:3   | Banished a six-headed hydra
 15656 | Lair:4   | Noticed Rupert
 15659 | Lair:4   | You fall through a shaft for 2 floors!
 15659 | Lair:6   | Entered Level 6 of the Lair of Beasts
 15679 | Lair:5   | Noticed a five-headed hydra
 15682 | Lair:5   | Banished a five-headed hydra
 15963 | Lair:5   | Reached skill level 5 in Armour
 16154 | Lair:5   | Noticed a five-headed hydra
 16181 | Lair:5   | Banished a five-headed hydra
 17162 | Lair:1   | Learned a level 1 spell: Apportation
 18162 | D:12     | Noticed Fannar
 18179 | D:12     | Killed Fannar
 18321 | D:12     | Noticed Urug
 18540 | D:12     | Reached skill level 1 in Crossbows
 18570 | D:12     | Reached XP level 14. HP: 60/118 MP: 19/19
 19201 | D:12     | Killed Urug
 20096 | D:13     | Found a portal to a secret trove of treasure.
 20286 | D:13     | Reached skill level 5 in Crossbows
 20745 | Lair:6   | Found a staircase to the Slime Pits.
 20944 | Lair:6   | Reached skill level 10 in Armour
 21554 | Lair:6   | Reached XP level 15. HP: 98/125 MP: 20/20
 22473 | Lair:6   | Got a fine great sword
 22481 | Lair:6   | Got a scorched plate armour
 22495 | Lair:6   | Learned a level 1 spell: Summon Butterflies
 23587 | Lair:4   | Killed Rupert
 23587 | Lair:4   | Reached skill level 15 in Fighting
 23994 | Lair:4   | Identified the +12 plate armour of Leaves {rElec Str+6} (You found it on level 6 of the Lair of Beasts)
 24223 | Spider:1 | Entered Level 1 of the Spider Nest
 25309 | Spider:1 | Reached XP level 16. HP: 136/136 MP: 21/21
 25490 | Spider:1 | Noticed Louise
 25492 | Spider:1 | Cast into level 3 of the Abyss (Louise)
 25502 | Spider:1 | Escaped the Abyss
 25518 | Spider:1 | Killed Louise
 25792 | Spider:2 | Noticed Asterion
 26091 | Spider:2 | Reached skill level 10 in Shields
 26296 | Orc:1    | Entered Level 1 of the Orcish Mines
 26433 | Orc:1    | Found a roughly hewn altar of Beogh.
 26592 | Orc:1    | Found Guerphu's Magic Scroll Emporium.
 26600 | Orc:1    | Bought a scroll of recharging for 114 gold pieces
 26600 | Orc:1    | Bought a scroll of identify for 24 gold pieces
 26600 | Orc:1    | Bought a scroll of identify for 24 gold pieces
 26600 | Orc:1    | Bought a scroll of identify for 24 gold pieces
 26600 | Orc:1    | Bought a scroll of brand weapon for 240 gold pieces
 26639 | Orc:2    | Entered Level 2 of the Orcish Mines
 26698 | Orc:1    | Noticed Maurice
 26715 | Orc:1    | Killed Maurice
 27028 | Orc:2    | Found a staircase to the Elven Halls.
 28474 | Orc:2    | Found Visubone's Armour Shoppe.
 28474 | Orc:2    | Found Leqaulif's Book Shoppe.
 28475 | Orc:2    | Found Nettor's Magic Scroll Emporium.
 28475 | Orc:2    | Found Humpiruy's Jewellery Shoppe.
 28492 | Orc:2    | Bought the ring of Apsot {+Fly rPois Str+6 Int+4} for 546 gold pieces
 28500 | Orc:2    | Bought a scroll of enchant weapon for 90 gold pieces
 28500 | Orc:2    | Bought a scroll of brand weapon for 240 gold pieces
 28500 | Orc:2    | Bought a scroll of identify for 24 gold pieces
 28500 | Orc:2    | Bought a scroll of recharging for 114 gold pieces
 28500 | Orc:2    | Bought a scroll of identify for 24 gold pieces
 28500 | Orc:2    | Bought a scroll of recharging for 114 gold pieces
 28515 | Orc:2    | Identified a scroll of acquirement
 29124 | D:14     | Found a gate to the Vaults.
 29149 | D:14     | Reached ****** piety under Lugonu
 29447 | D:14     | Found a glowing silver altar of Zin.
 29736 | Lair:1   | Identified a +2 lajatang of distortion (a +0 lajatang corrupted by Lugonu)
 29736 | Lair:1   | Received a gift from Lugonu
 30017 | Shoals:1 | Entered Level 1 of the Shoals
 30109 | Shoals:1 | Reached skill level 1 in Evocations
 30527 | Shoals:1 | Reached XP level 17. HP: 144/144 MP: 22/22
 30547 | Shoals:1 | Noticed Donald
 30566 | Shoals:1 | Killed Donald
 30585 | Shoals:1 | Noticed Josephine
 30600 | Shoals:1 | Killed Josephine
 30793 | Shoals:1 | Reached skill level 5 in Evocations
 31017 | Shoals:2 | Reached skill level 15 in Shields
 31369 | Shoals:2 | Noticed Aizul
 31387 | Shoals:2 | Killed Aizul
 32495 | Shoals:3 | Found a radiant altar of Vehumet.
 32500 | Shoals:3 | Noticed a kraken
 32524 | Shoals:3 | Killed a kraken
 33043 | Spider:2 | Killed Asterion
 33126 | Spider:2 | Reached XP level 18. HP: 135/157 MP: 14/23
 34068 | Spider:3 | Noticed Arachne
 34083 | Spider:2 | Killed Arachne
 34221 | Spider:3 | Noticed Kirke
 34316 | Spider:3 | Killed Kirke
 34839 | Spider:4 | Entered Level 4 of the Spider Nest
 35080 | Spider:4 | Got a steaming buckler
 35359 | Spider:3 | Reached skill level 10 in Crossbows
 35770 | Spider:4 | Reached skill level 5 in Stealth
 36164 | Spider:4 | Reached XP level 19. HP: 154/164 MP: 0/24
 36209 | Spider:4 | Reached skill level 5 in Dodging
 36351 | Spider:4 | Got a gossamer rune of Zot
 36717 | D:15     | Entered Level 15 of the Dungeon
 36976 | D:15     | Found a blossoming altar of Fedhas.
 37136 | D:15     | Found a staircase to the Depths.
 37756 | Vaults:1 | Entered Level 1 of the Vaults
 38043 | Vaults:1 | Reached skill level 15 in Armour
 38763 | Vaults:1 | Found Xepolyuf's Book Emporium.
 39002 | Vaults:1 | Reached XP level 20. HP: 172/172 MP: 25/25
 40585 | Vaults:2 | Reached skill level 10 in Dodging
 41080 | Vaults:2 | Noticed a Tzitzimitl
 41729 | Vaults:2 | Got a brightly glowing leather armour
 41739 | Vaults:2 | Gained mutation: Your mind is acute. (Int +2) [potion of beneficial mutation]
 42574 | Vaults:3 | Reached XP level 21. HP: 178/178 MP: 26/26
 43316 | Abyss:1  | Killed Jessica
 43396 | Vaults:3 | Escaped the Abyss
 44185 | Vaults:3 | Found a staircase to the Crypt.
 44211 | Vaults:3 | Reached skill level 15 in Staves
 44432 | Vaults:3 | Reached skill level 10 in Invocations
 44872 | Vaults:4 | Noticed Placid's ghost (adept DrVM)
 44878 | Vaults:4 | Reached XP level 22. HP: 185/185 MP: 30/30
 46246 | Shoals:4 | Entered Level 4 of the Shoals
 46589 | Shoals:4 | Noticed Ilsuiw
 46849 | Shoals:3 | Killed Ilsuiw
 47648 | Shoals:4 | Got a barnacled rune of Zot
 47861 | Shoals:4 | Found Rouguq's Antique Armour Boutique.
 47873 | Shoals:4 | Bought a pair of encrusted gloves for 266 gold pieces
 47873 | Shoals:4 | Identified the +1 pair of gloves of Cheibriados's Envy {rCorr} (You bought it in a shop on level 4 of the Shoals)
 47886 | Shoals:4 | Identified Cutoeph's Guide on the Floating Blaze
 48093 | Lair:1   | Learned a level 2 spell: Repel Missiles
 48235 | Depths:1 | Entered Level 1 of the Depths
 48239 | Depths:1 | Found Lisizau's Assorted Antiques.
 48239 | Depths:1 | Found Seemeniy's Distillery.
 48564 | Abyss:1  | Found a bloodstained altar of Trog.
 48604 | Depths:1 | Escaped the Abyss
 48605 | Depths:1 | Corrupted Depths:1
 48626 | Depths:1 | Found Beuheh's Distillery.
 48646 | Depths:1 | Found a magical portal.
 48655 | WizLab   | Entered Cigotuvi's Fleshworks
 49691 | WizLab   | Got a bound ivory ring
 49727 | WizLab   | Reached XP level 23. HP: 180/192 MP: 33/33
 49833 | WizLab   | Identified the Tome of Transmigration
 49847 | WizLab   | Identified Cigotuvi's Catalogue of Evil Transformation
 49856 | WizLab   | Gained mutation: You have sharp toenails. [potion of mutation]
 49856 | WizLab   | Gained mutation: You are agile. (Dex +2) [potion of mutation]
 49856 | WizLab   | Gained mutation: You have a somewhat thin skeletal structure. (Dex +2, Stealth) [potion of mutation]
 49857 | WizLab   | Gained mutation: You are very agile. (Dex +4) [potion of mutation]
 49857 | WizLab   | Gained mutation: Your movements are slightly less encumbered by armour. (ER -2) [potion of mutation]
 49858 | WizLab   | Gained mutation: Your natural rate of healing is unusually fast. [potion of mutation]
 49858 | WizLab   | Gained mutation: Your flesh is cold resistant. (rC+) [potion of mutation]
 49858 | WizLab   | Lost mutation: You are very agile. (Dex +4) [potion of mutation]
 49859 | WizLab   | Gained mutation: Your movements are less encumbered by armour. (ER -4) [potion of beneficial mutation]
 49860 | WizLab   | Gained mutation: Your muscles are strong. (Str +2) [potion of beneficial mutation]
 50095 | Depths:1 | Bought a potion of heal wounds for 90 gold pieces
 50136 | Depths:1 | Got a distressingly furry scale mail
 50223 | Depths:1 | Found Nugydgh's Antique Weapon Emporium.
 50230 | Depths:1 | Found Yczeury's General Store.
 50236 | Depths:1 | Bought a potion of heal wounds for 75 gold pieces
 50236 | Depths:1 | Bought a potion of heal wounds for 75 gold pieces
 50242 | Depths:1 | Bought a scroll of enchant weapon for 270 gold pieces
 50380 | Depths:1 | Found a one-way gate to the infinite horrors of the Abyss.
 50536 | Depths:1 | Found Tamanul's Changing Room.
 50559 | Depths:1 | Reached skill level 1 in Spellcasting
 50559 | Depths:1 | Reached skill level 1 in Charms
 50559 | Depths:1 | Reached skill level 1 in Summonings
 50559 | Depths:1 | Reached skill level 1 in Translocations
 50641 | Depths:1 | Reached skill level 1 in Air Magic
 50679 | Depths:1 | Found a gateway to Hell.
 51163 | Depths:1 | Voluntarily entered the Abyss.
 51166 | Abyss:1  | Found a corrupted altar of Lugonu.
 51182 | Abyss:1  | Identified the ring of Atou {MR+ Str+2 Dex+2} (You found it in a wizard's laboratory)
 51239 | Abyss:2  | Learned a level 3 spell: Lesser Beckoning
 51516 | Abyss:2  | Lost mutation: Your mind is acute. (Int +2) [a neqoxec]
 52148 | Abyss:3  | Found a corrupted altar of Lugonu.
 52338 | Abyss:3  | Got an abyssal rune of Zot
 52468 | Depths:1 | Escaped the Abyss
 52570 | D:13     | You showed the abyssal rune of Zot to enter a treasure trove
 52571 | Trove    | Entered a treasure trove
 52578 | Trove    | Identified Sif Muna's Disquisition on Enhancements and Envenoming
 52581 | Trove    | Identified Sif Muna's Tome of Evil Arts
 52625 | Trove    | Identified Wasixt's Volume of Ghastly Orientation
 52686 | Trove    | Identified the +2 buckler of Synchronized Stabbing {rPois Str+4} (You found it on level 4 of the Spider Nest)
 52698 | Trove    | Learned a level 2 spell: Swiftness
 52722 | Trove    | Learned a level 3 spell: Regeneration
 52726 | Trove    | Learned a level 3 spell: Spectral Weapon
 52926 | Elf:1    | Entered Level 1 of the Elven Halls
 53006 | Elf:1    | Reached skill level 1 in Necromancy
 53122 | Elf:1    | Reached skill level 1 in Hexes
 53139 | Elf:1    | Found a roughly hewn altar of Beogh.
 53540 | Elf:1    | Reached XP level 24. HP: 197/197 MP: 33/33
 53702 | Elf:1    | Identified the Reference Book on Darkness
 53960 | Elf:2    | Reached skill level 10 in Stealth
 54022 | Elf:2    | Identified the +2 scale mail "Gempieho" {+Blink +Inv Int-3} (You took it off a rakshasa on level 1 of the Depths)
 54424 | Elf:2    | Found a large runed door.
 54424 | Elf:2    | Found a large runed door.
 54447 | Elf:2    | Found a large runed door.
 54447 | Elf:2    | Found a large runed door.
 54502 | Elf:3    | Entered Level 3 of the Elven Halls
 54508 | Elf:3    | Found Bett's Antique Armour Emporium.
 54513 | Elf:3    | Bought a warped plate armour for 532 gold pieces
 54513 | Elf:3    | Bought a pair of embroidered boots for 199 gold pieces
 55357 | Elf:3    | Reached skill level 5 in Necromancy
 55365 | Elf:3    | Reached skill level 5 in Charms
 55569 | Elf:3    | Got a scintillating jade amulet
 55622 | Elf:3    | Reached skill level 5 in Spellcasting
 55981 | Elf:3    | Got a faintly glowing amber ring
 56066 | Elf:3    | Reached skill level 5 in Air Magic
 56257 | Elf:3    | Reached skill level 15 in Stealth
 56390 | Elf:3    | Got a pair of encrusted boots
 56392 | Elf:3    | Identified Naipponk's Disquisition on Changing and Calling
 56502 | Elf:3    | Identified the +2 pair of boots of Baldness {Str-2 Dex+4 SInv} (You found it on level 3 of the Elven Halls)
 56512 | Elf:3    | Identified the cursed +1 plate armour "Buhafon" {rN+ Stlth+} (You bought it in a shop on level 3 of the Elven Halls)
 56513 | Elf:3    | Identified the ring "Son Huatt" {rF+ rN+ Int+4 Stlth+} (You took it off a deep elf annihilator on level 3 of the Elven Halls)
 56535 | Elf:3    | Identified the amulet of Ubicwol {rPois rF+ MR+ Regen+} (You took it off a deep elf elementalist on level 3 of the Elven Halls)
 56819 | Lair:1   | Learned a level 3 spell: Portal Projectile
 57123 | Vaults:4 | Reached XP level 25. HP: 183/205 MP: 33/33
 57133 | Vaults:4 | Found Raiseoq's Assorted Antiques.
 57141 | Vaults:4 | Bought a scroll of identify for 74 gold pieces
 57141 | Vaults:4 | Bought a scroll of identify for 74 gold pieces
 57141 | Vaults:4 | Bought 2 potions of curing for 222 gold pieces
 57720 | Vaults:4 | Killed Placid's ghost
 57862 | Vaults:5 | Entered Level 5 of the Vaults
 57863 | Vaults:5 | Corrupted Vaults:5
 58741 | Vaults:4 | Noticed a caustic shrike
 58755 | Vaults:4 | Killed a caustic shrike
 58808 | Vaults:4 | Got a dazzling chain mail
 58888 | Vaults:5 | Got a shimmering chain mail
 58920 | Vaults:5 | Identified the cursed +0 chain mail "Feluk" {rF++} (You took it off a death knight on level 4 of the Vaults)
 58921 | Vaults:5 | Identified the +7 chain mail "Kibeff" {Str+2} (You took it off a skeletal warrior on level 5 of the Vaults)
 59111 | Vaults:5 | Got a silver rune of Zot
 59119 | Vaults:5 | Got a clouded marble ring
 59126 | Vaults:5 | Identified the ring "Izxoydyrr" {+Blink EV+2 Int+7 Dex-3} (You took it off an orc knight on level 5 of the Vaults)
 59299 | Vaults:5 | Reached XP level 26. HP: 199/217 MP: 33/33
 59345 | Vaults:5 | Found Xippiucs's Food Shoppe.
 59365 | Vaults:5 | Got an ichor-stained scale mail
 59417 | Vaults:5 | Identified the +4 scale mail "Ocievvom" {rF++ rC- rN+ Dex+2} (You found it on level 5 of the Vaults)
 59432 | Vaults:5 | Found Neaz's Food Emporium.
 59451 | Vaults:5 | Found Cutowih's Food Shoppe.
 59556 | Vaults:5 | Found Biotinah's Gadget Shop.
 59625 | Vaults:5 | Learned a level 5 spell: Silence
 60114 | Vaults:5 | Identified a +6 rod of clouds (14/14) (You found it on level 5 of the Vaults)
 60764 | Slime:1  | Entered Level 1 of the Pits of Slime
 60836 | Slime:1  | Gained mutation: You expend magic power (3 MP) to strengthen your wands. [a shining eye]
 61012 | Slime:5  | Entered Level 5 of the Pits of Slime
 61358 | Slime:5  | Noticed the Royal Jelly
 61379 | Slime:5  | Killed the Royal Jelly
 61382 | Slime:5  | Corrupted Slime:5
 61709 | Slime:5  | Got a slimy rune of Zot
 61742 | Slime:5  | Got a glittering bronze ring
 61801 | Slime:5  | Got a scorched lajatang
 61828 | Slime:4  | Identified the +8 lajatang "Cose Xee" {protect, +Blink rF+++ rC+ Int-2} (You found it on level 5 of the Pits of Slime)
 61830 | Slime:4  | Identified the ring of Heresy {rPois Int+4 SInv} (You found it on level 5 of the Pits of Slime)
 62269 | Depths:1 | Got a clouded silver ring
 62271 | Depths:1 | Identified the ring of Bocitegi {rF+ rC+ Int-5 Stlth+} (You took it off a spriggan berserker on level 1 of the Depths)
 62421 | Depths:2 | Found a hide-covered altar of Uskayaw.
 62645 | Depths:1 | Reached XP level 27. HP: 169/225 MP: 33/33
 63215 | Depths:2 | Found a basalt altar of Yredelemnul.
 63280 | Depths:2 | Found a sparkling altar of Nemelex Xobeh.
 63442 | Depths:2 | Noticed espais's ghost (adept GrFi)
 63484 | Depths:2 | Killed espais's ghost
 63664 | Depths:2 | Found a hazy altar of Hepliaklqana.
 63931 | Depths:3 | Found a one-way gate leading to the halls of Pandemonium.
 64014 | Depths:3 | Noticed Margery
 64038 | Depths:3 | Killed Margery
 64468 | Depths:3 | Reached skill level 5 in Translocations
 64793 | Depths:3 | Noticed a juggernaut
 64830 | Depths:3 | Killed a juggernaut
 64892 | Depths:3 | Noticed a juggernaut
 64906 | Depths:3 | Killed a juggernaut
 65073 | Depths:3 | Found a gateway to a ziggurat.
 66432 | Depths:4 | Noticed a greater mummy
 66445 | Depths:4 | Killed a greater mummy
 66456 | Depths:4 | Learned a level 4 spell: Passage of Golubria
 66617 | Depths:4 | Reached skill level 5 in Summonings
 67140 | Depths:5 | Entered Level 5 of the Depths
 67187 | Depths:5 | Reached skill level 15 in Crossbows
 67531 | Depths:5 | Found a gate to the Realm of Zot.
 68400 | Crypt:1  | Entered Level 1 of the Crypt
 68709 | Crypt:1  | Noticed Sojobo
 68742 | Crypt:1  | Killed Sojobo
 68902 | Crypt:1  | Noticed Jorgrun
 68907 | Crypt:1  | Killed Jorgrun
 69041 | Crypt:1  | Noticed Bai Suzhen
 69074 | Crypt:1  | Killed Bai Suzhen
 69477 | Crypt:2  | Found an ancient bone altar of Kikubaaqudgha.
 69510 | Crypt:2  | Noticed Xtahua
 69524 | Crypt:2  | Killed Xtahua
 70161 | Abyss:1  | Killed Erolcha
 70282 | Crypt:2  | Escaped the Abyss
 70329 | Crypt:3  | Entered Level 3 of the Crypt
 70329 | Crypt:3  | Noticed Mennas
 70346 | Crypt:2  | Killed Mennas
 70711 | Crypt:3  | Found a basalt altar of Yredelemnul.
 71036 | Crypt:3  | Identified a +2 rod of clouds (12/12) (You found it on level 3 of the Crypt)
 71224 | Crypt:3  | Got a dazzling cloak
 71227 | Crypt:3  | Got a crude cloak
 71228 | Crypt:3  | Identified the +1 cloak of Xoamin {Int+3 Slay+5} (You found it on level 3 of the Crypt)
 71229 | Crypt:3  | Identified the +2 cloak "Voelyk" {rF+ rCorr Str+3} (You found it on level 3 of the Crypt)
 71296 | Crypt:3  | Noticed Khufu
 71436 | Crypt:3  | Killed Khufu
 71468 | Crypt:3  | Found a staircase to the Tomb.
 72213 | Zot:1    | Entered Level 1 of the Realm of Zot
 73225 | Zot:1    | Reached skill level 27 in Fighting
 74050 | Zot:2    | Identified the Volume of the Assistive Volcanoes
 76327 | Zot:5    | Entered Level 5 of the Realm of Zot
 76497 | Zot:5    | Noticed an orb of fire
 76501 | Zot:5    | Gained mutation: Your magical capacity is low. (-10% MP) [an orb of fire]
 76505 | Zot:5    | Gained mutation: Your magical capacity is very low. (-20% MP) [an orb of fire]
 76506 | Zot:5    | Noticed an orb of fire
 76514 | Zot:5    | Killed an orb of fire
 76521 | Zot:5    | Lost mutation: Your muscles are strong. (Str +2) [an orb of fire]
 76529 | Zot:5    | Gained mutation: Your body sometimes deteriorates upon taking damage. [an orb of fire]
 76530 | Zot:5    | Killed an orb of fire
 76891 | Zot:5    | Noticed an orb of fire
 76949 | Zot:5    | Noticed an ancient lich
 76958 | Zot:5    | Killed an ancient lich
 77094 | Pan      | Entered Pandemonium
 77177 | Pan      | Found a glowing golden altar of the Shining One.
 77177 | Pan      | Noticed a seraph
 77198 | Pan      | Killed a seraph
 77307 | Pan      | Got a demonic rune of Zot
 77308 | Pan      | Identified the Almanac of Fiery Stolen Souls
 77317 | Pan      | Got a slimy granite ring
 77319 | Pan      | Identified the ring "Jocukin" {Fire rElec} (You found it in Pandemonium)
 77328 | Pan      | Got a translucent arbalest
 77329 | Pan      | Identified the +6 arbalest "Liocad" {elec, Dex+4} (You found it in Pandemonium)
 77335 | Pan      | Identified the Handbook of the Dislocated Snowflakes
 77476 | Pan      | Upgraded the game from 0.20-a0-268-gb6bde61 to 0.20-a0-269-g17f5411
 78404 | Pan      | Found a white marble altar of Elyvilon.
 78874 | Pan      | Got a transparent ivory amulet
 78876 | Pan      | Identified the amulet "Koum" {Faith rC+ MR+ Slay+2} (You found it in Pandemonium)
 79637 | Pan      | Found a glowing silver altar of Zin.
 79708 | Depths:5 | Escaped Pandemonium
 79817 | Zot:5    | Killed an orb of fire
 79827 | Zot:5    | Noticed an ancient lich
 79840 | Zot:5    | Killed an ancient lich
 79913 | Zot:5    | Noticed an orb of fire
 79922 | Zot:5    | Gained mutation: Your magical capacity is extremely low. (-30% MP) [an orb of fire]
 79933 | Zot:5    | Lost mutation: You are agile. (Dex +2) [an orb of fire]
 79938 | Zot:5    | Killed an orb of fire
 80022 | Zot:5    | Noticed an orb of fire
 80026 | Zot:5    | Gained mutation: Your spells are a little easier to cast, but a little less powerful. [an orb of fire]
 80028 | Zot:5    | Gained mutation: You occasionally shout uncontrollably at your foes. [an orb of fire]
 80032 | Zot:5    | Killed an orb of fire
 80105 | Zot:5    | Noticed an orb of fire
 80116 | Zot:5    | Killed an orb of fire
 80212 | Zot:5    | Noticed an orb of fire
 80222 | Zot:5    | Gained mutation: You are weak. (Str -2) [an orb of fire]
 80228 | Zot:5    | Gained mutation: You sometimes yell uncontrollably at your foes. [an orb of fire]
 80237 | Zot:5    | Gained mutation: You are very weak. (Str -4) [an orb of fire]
 80255 | Zot:5    | Killed an orb of fire
 80308 | Zot:5    | Noticed an orb of fire
 80315 | Zot:5    | Lost mutation: Your magical capacity is extremely low. (-30% MP) [an orb of fire]
 80316 | Zot:5    | Lost mutation: You have sharp toenails. [an orb of fire]
 80319 | Zot:5    | Gained mutation: You are dopey. (Int -2) [an orb of fire]
 80329 | Zot:5    | Killed an orb of fire
 80430 | Zot:5    | Reached skill level 27 in Staves
 80443 | Zot:5    | Noticed an orb of fire
 80460 | Zot:5    | Gained mutation: Your body often deteriorates upon taking damage. [an orb of fire]
 80461 | Zot:5    | Gained mutation: Your spells are easier to cast, but less powerful. [an orb of fire]
 80467 | Zot:5    | Killed an orb of fire
 80619 | Zot:5    | Got the Orb of Zot
 80661 | Zot:5    | Corrupted Zot:5
 80668 | Zot:5    | Noticed an orb of fire
 80678 | Zot:5    | Gained mutation: You are clumsy. (Dex -2) [an orb of fire]
 80689 | Zot:5    | Killed an orb of fire
 80803 | Zot:3    | Noticed Xufirhil the pandemonium lord
 80828 | Zot:3    | Killed Xufirhil the pandemonium lord
 80878 | Zot:3    | Noticed Gidoul the pandemonium lord
 80886 | Zot:3    | Corrupted Zot:3
 80899 | Zot:3    | Killed Gidoul the pandemonium lord
 81066 | Zot:2    | Noticed Judoj the pandemonium lord
 81394 | D:9      | Noticed Mizigor the pandemonium lord
 81559 | D:1      | Corrupted D:1
 81573 | D:1      | Noticed Losorecu the pandemonium lord
 81586 | D:1      | Killed Losorecu the pandemonium lord
 81596 | D:$      | Escaped with the Orb!

Vault maps used:
D:1:      minmay_arrival_shoal_huts, minmay_cupped
D:2:      marbit_many_paths
D:3:      minmay_overflow_temple_star_hex, minitemple, first_bread
D:6:      uniq_eustachio, uniq_blork_the_orc
D:7:      uniq_duvessa, uniq_menkaure
D:8:      kennysheep_mini_moat, basic_altar
D:9:      tgw_sif
D:11:     dpeg_oklobed_lair, orc_0_dummy, basic_altar,
          hangedman_little_slice_of_home, lightli_corner_chamber, uniq_psyche,
          uniq_erolcha
D:12:     uniq_urug, uniq_fannar
D:13:     enter_trove_6
D:14:     david_vaults_5, zin_angel, special_room, eino_tiny_chamber,
          st_stairs_5
D:15:     grunt_enter_depths_magical_seal, fedhas_altar_2
Temple:   zaba_magenta_temple
Lair:1:   minmay_lair_oklob_bushes, infiniplex_staircase_pool_2,
          grunt_megastairs_5
Lair:2:   elwin_shoals_entry_rooms, minivault_23, fungi_pond_lemuel,
          patterned_corridor, uniq_gastronok
Lair:3:   beast_lair_carwin_large_1, spider_nest_entry_rubble,
          infiniplex_staircase_pool, grunt_megastairs_3
Lair:4:   lemuel_fruit_tree, uniq_rupert
Lair:6:   minmay_lair_end_frog_pond, dpeg_slime_entry_corner,
          minmay_lair_oklob_chamber
Shoals:1: uniq_josephine, uniq_donald
Shoals:2: uniq_aizul
Shoals:3: wheals_shoals_ruined_temple
Shoals:4: shoals_end_grunt_garden, shoal_ilsuiw, serial_shops, shop
Spider:1: uniq_asterion, uniq_louise
Spider:3: uniq_arachne, uniq_kirke
Spider:4: spider_rune_water
Slime:1:  cheibrodos_slime_lost_civilization_5
Orc:1:    serial_shops, shop, basic_altar, uniq_maurice
Orc:2:    st_orc_pillars, special_room
Elf:1:    special_room, minmay_elf_necromancy
Elf:3:    nooodl_elf_gasket, serial_shops, shop
Vaults:1: vaults_standard_mumra_x, nicolae_vaults_border_crossing,
          hangedman_vaults_trim, nicolae_vaults_network_star, v_rooms_6,
          vaults_room_grunt_arrival_ludios, vaults_room_hallway,
          vaults_mumra_chevron, nicolae_vaults_rhombus_6,
          nicolae_vaults_diagonal_hallway_7, serial_shops, shop
Vaults:2: ontoclasm_vaults_gallery, v_misc_10, v_misc_17, v_misc_16,
          nicolae_vaults_network_barrier, v_misc_1,
          nicolae_vaults_diagonal_hallway_6
Vaults:3: grunt_vaults_hallway_short, vaults_mumra_hex, st_octagons_1,
          v_misc_13, minmay_crypt_entry_simple_sparse, vaults_room_large_hall,
          hangedman_vaults_nails, nicolae_vaults_alarming,
          nicolae_vaults_rhombus_6
Vaults:4: vaults_room_octagon, v_pattern_2, grunt_vaults_funnel, v_misc_5,
          vaults_standard_mumra_lines, vaults_room_large_hall,
          nicolae_vaults_hallways_thing, serial_shops, nicolae_shop_waterfront
Crypt:1:  nicolae_crypt_ancient_font, basic_loot_grate_trap, uniq_sojobo,
          uniq_jorgrun, uniq_bai_suzhen
Crypt:2:  basic_altar, st_stairs_6, uniq_xtahua
Crypt:3:  grunt_crypt_end_deaths_head, uniq_mennas
Depths:1: serial_sigils_hangedman_leer, hell_entry, marbit_kobold_abyss_entry,
          serial_shops, nicolae_shop_waterfront, mu_enter_wizlab_5,
          kennysheep_pointless_box, spider_trap, nicolae_transmutations_shop,
          minmay_shoptagon, serial_bayou_shore_b
Depths:2: grunt_profane_halls, abyss_entry, hell_entry
Depths:3: minmay_nested_s, enter_ziggurat_b, minmay_misc_feat_iff,
          pf_coc_iceberg, rand_demon_pan_entry_3, kennysheep_generic_room_13,
          minmay_staircase_statues, uniq_margery
Depths:4: lemuel_minitomb, kennysheep_flooded_box, hell_entry,
          minmay_room_of_horrors, minivault_10, serial_bayou_shore_a,
          minmay_staircase_bubble
Depths:5: evilmike_zot_entry_basic, hangedman_tar_grid_catacomb,
          serial_sigils_hangedman_gnaw, rand_demon_pan_entry_7,
          serial_sigils_hangedman_writhe
Zot:2:    amethyst_zot_foddershock, grunt_megastairs_2
Zot:3:    kennysheep_blocky_room, stair_cage_wide, nicolae_zot_crop_circle,
          lemuel_elevator
Zot:4:    kennysheep_underground_church
Zot:5:    grunt_ministairs_2
Abyss:1:  evilmike_abyss_exit_glass, hangedman_elemental_corridor
Abyss:3:  evilmike_abyss_exit_mutagenic, nicolae_abyss_rune_left_handed,
          hangedman_abyss_rune_flesh_and_stone, minivault_11
Pan:      evilmike_mini_pan_T, reaverb_pan_squares, evilmike_holy_pan
Trove:    trove_books_scrolls
WizLab:   wizlab_cigotuvi

Skill      XL: |  1  2  3  4  5  6  7  8  9 10 11 12 13 14 15 16 17 18 19 20 21 22 23 24 25 26 27 |
---------------+----------------------------------------------------------------------------------+-----
Fighting       | 4 5 10 13 15 18 19 21 27 | 27.0
Shields        | 2 3 6 9 14 15 | 15.0
Staves         | 1 3 5 6 8 9 11 14 15 17 18 19 20 27 | 27.0
Invocations    | 3 6 7 11 13 | 13.4
Dodging        | 1 2 4 8 10 | 10.6
Armour         | 3 7 12 14 15 18 21 | 21.3
Stealth        | 3 6 9 15 17 | 17.5
Crossbows      | 2 5 10 11 12 20 | 20.5
Evocations     | 3 5 |  5.3
Spellcasting   | 3 5 |  5.0
Charms         | 4 6 |  6.2
Summonings     | 3 4 5 |  5.0
Translocations | 3 9 |  9.0
Air Magic      | 3 5 |  5.3
Necromancy     | 2 7 8 |  8.0
Hexes          | 2 4 |  4.0
Axes           | |  2.0

Action                   |  1- 3 |  4- 6 |  7- 9 | 10-12 | 13-15 | 16-18 | 19-21 | 22-24 | 25-27 || total
-------------------------+-------+-------+-------+-------+-------+-------+-------+-------+-------++-------
Melee: Hand axe          |   122 |    58 |       |       |       |       |       |       |       ||   180
       Lajatang          |       |   152 |   384 |   835 |  1517 |  1815 |  1730 |  2188 |  5672 || 14293
       Unarmed           |       |       |       |       |       |     4 |       |       |       ||     4
 Fire: Arbalest          |       |       |       |       |    21 |    60 |    45 |    34 |    31 ||   191
       Triple crossbow   |       |       |       |       |       |       |       |       |   223 ||   223
Throw: Tomahawk          |       |       |     2 |     7 |     1 |       |       |       |       ||    10
       Throwing net      |       |       |       |       |       |       |       |     1 |       ||     1
 Cast: Repel Missiles    |       |       |       |       |       |       |       |     3 |    21 ||    24
       Swiftness         |       |       |       |       |       |       |       |     1 |     7 ||     8
       Regeneration      |       |       |       |       |       |       |       |     1 |    75 ||    76
       Summon Butterflie |       |       |       |       |       |       |       |       |     8 ||     8
       Portal Projectile |       |       |       |       |       |       |       |       |     6 ||     6
       Passage of Golubr |       |       |       |       |       |       |       |       |     2 ||     2
Invok: Depart the Abyss  |     1 |       |       |     1 |       |     1 |       |     1 |       ||     4
       Banish            |       |       |     5 |     9 |    24 |    11 |       |       |     8 ||    57
       Bend Space        |       |       |     1 |     7 |    10 |     4 |     2 |     2 |     3 ||    29
       Brand Weapon With |       |       |       |       |       |     1 |       |       |       ||     1
       Enter the Abyss   |       |       |       |       |       |       |     1 |     1 |     1 ||     3
       Corrupt           |       |       |       |       |       |       |       |     1 |     5 ||     6
 Abil: Dig               |     1 |     1 |     5 |    12 |    16 |    24 |     6 |    49 |    34 ||   148
       Shaft Self        |       |       |       |       |     1 |       |       |       |       ||     1
       Evoke Flight      |       |       |       |       |       |     6 |       |     9 |       ||    15
       Stop Flying       |       |       |       |       |       |     1 |       |     2 |       ||     3
Evoke: Wand              |       |       |       |    13 |     1 |     3 |     6 |       |       ||    23
       Phial of floods   |       |       |       |     1 |     2 |     1 |       |     1 |       ||     5
       Phantom mirror    |       |       |       |       |       |       |       |       |     1 ||     1
  Use: Potion            |     2 |       |     2 |     4 |    10 |     6 |     4 |    12 |    14 ||    54
       Scroll            |       |    10 |     5 |     5 |     9 |    19 |     2 |    28 |    41 ||   119
 Stab: Invisible         |       |       |     3 |       |       |       |       |       |       ||     3
       Paralysed         |       |       |       |     7 |       |       |     5 |       |       ||    12
       Sleeping          |       |       |       |     1 |     1 |       |       |       |    27 ||    29
       Distracted        |       |       |       |       |     1 |     1 |       |       |    15 ||    17
       Petrified         |       |       |       |       |       |       |     3 |     1 |       ||     4
       Petrifying        |       |       |       |       |       |       |       |     1 |       ||     1
  Eat: Pizza             |     1 |       |     1 |     2 |       |     1 |       |     1 |     1 ||     7
       Chunk             |       |     7 |    12 |    17 |    24 |    21 |    26 |    18 |    19 ||   144
       Meat ration       |       |       |     1 |       |     4 |     2 |       |     7 |    16 ||    30
       Beef jerky        |       |       |     1 |       |     1 |       |       |       |       ||     2
       Royal jelly       |       |       |       |     2 |     2 |     6 |     2 |       |     1 ||    13
Armor: Leather armour    |     6 |       |    68 |    67 |       |       |       |       |       ||   141
       Scale mail        |    59 |    78 |    63 |       |   162 |       |       |       |       ||   362
       Troll leather arm |       |       |       |    29 |    46 |       |       |       |       ||    75
       Skin              |       |       |       |       |    11 |       |       |       |       ||    11
       Plate armour      |       |       |       |       |   126 |   586 |   459 |   604 |  1999 ||  3774
Dodge: Dodged            |    57 |    62 |   140 |   234 |   412 |   440 |   539 |   561 |  1606 ||  4051
       Deflected         |       |       |       |       |       |       |       |    23 |    62 ||    85
Block: Shield            |     8 |    75 |   146 |   311 |   559 |    19 |       |       |       ||  1118
       Large shield      |       |       |       |       |       |  1583 |  1507 |  1927 |  7073 || 12090
